Sasquatch vs Rafales

Created - February 1, 2021 at 19:06

Goals
1 2 3 T
Sasquatch 1 3 1 5
Rafales 2 2 2 6
Shots
1 2 3 T
Sasquatch 12 14 6 32
Rafales 9 5 13 27

1st period

1. Rafales , Garret Ross 17 (James Livingstone 9, Connor Murphy 31) at 5:58 (PP)
2. Sasquatch , Devin Shore 30 (Timo Meier 26) at 6:13
3. Rafales , Garret Ross 18 (Connor Murphy 32, Ben Thomson 14) at 15:43

Penalties :
Sam Reinhart (Gat) for Tripping (Minor) at 4:31, James Sheppard (Stf) for Cross-checking (Minor) at 13:29, Tony DeAngelo (Gat) for Hooking (Minor) at 16:29

2nd period

4. Sasquatch , Brandon Montour 6 (Patrick Wey 18, Jujhar Khaira 30) at 0:14
5. Rafales , Connor Murphy 6 (Cade Fairchild 10) at 1:11 (PP)
6. Sasquatch , Dylan Sikura 4 (Valentin Zykov 17, Roope Hintz 5) at 13:28
7. Sasquatch , Petr Straka 20 (Tony DeAngelo 12, Valentin Zykov 18) at 14:40 (PP)
8. Rafales , Garret Ross 19 (Connor Murphy 33, Zac Dalpe 39) at 15:27

Penalties :
Timo Meier (Gat) for Roughing (Minor) at 0:36, Garret Ross (Stf) for Roughing (Minor) at 8:45, James Livingstone (Stf) for Interference (Minor) at 14:05, Sam Reinhart (Gat) for Goalie Interference (Minor) at 17:25

3rd period

9. Sasquatch , Dylan Sikura 5 (Valentin Zykov 19, Tony DeAngelo 13) at 2:54
10. Rafales , Zac Dalpe 24 (Ryan Bourque 10, Ben Thomson 15) at 3:52
11. Rafales , Ben Thomson 11 (Joe Labate 12, Joey Laleggia 9) at 17:41

Penalties :
Timo Meier (Gat) for Hooking (Minor) at 8:24

Goalie Stats

Joonas Korpisalo (Gat), 21 saves from 27 shots - (0.778), L, 15-12-5, 59:58 minutes
Sean Maguire (Stf), 27 saves from 32 shots - (0.844), W, 8-4-1, 60:00 minutes

Players Stats for Sasquatch

Player Name              G  A  P  +/- PIM S  H  SB GA TA FO     MP     PP MP  PK MP  
------------------------------------------------------------------------------------
Brandon Montour          1  0  1   0  0   4  0  1  3  0  0/0    26:45   2:58   4:36 
Christoffer Ehn          0  0  0   2  0   1  1  0  0  0  7/15   11:42   0:00   4:48 
Devin Shore              1  0  1   0  0   4  2  0  0  0  16/29  21:25   2:29   0:18 
Dylan Sikura             2  0  2   2  0   2  0  0  1  0  0/0     6:54   0:00   0:00 
Ethan Bear               0  0  0   0  0   0  1  0  0  0  0/0    14:27   1:35   1:03 
Jack Roslovic            0  0  0  -1  0   0  3  2  1  0  0/2     9:11   0:04   0:00 
Jacob De La Rose         0  0  0  -1  0   0  1  0  1  2  0/0    13:42   0:00   4:48 
Jujhar Khaira            0  1  1   0  0   6  1  1  2  0  1/3    20:59   2:29   0:00 
Martin Marincin          0  0  0   0  0   0  0  0  1  1  0/0    20:41   0:00   4:36 
Patrick Wey              0  1  1  -1  0   2  3  1  0  1  0/0    22:31   1:35   0:00 
Petr Straka              1  0  1  -1  0   3  4  0  0  1  0/1    13:58   2:00   0:00 
Roland McKeown           0  0  0   1  0   0  0  0  0  0  0/0    16:05   0:00   3:23 
Roope Hintz              0  1  1  -1  0   2  2  0  0  1  0/0    16:30   0:04   3:01 
Sam Reinhart             0  0  0  -1  4   0  0  0  0  0  1/1    10:16   0:04   0:54 
T.J. Tynan               0  0  0  -1  0   3  0  0  0  1  5/9    16:49   2:00   2:09 
Timo Meier               0  1  1   0  4   4  1  3  0  1  1/1    21:20   2:29   0:00 
Tony DeAngelo            0  2  2   0  2   0  2  0  0  1  0/0    19:38   2:58   2:20 
Valentin Zykov           0  3  3   2  0   1  0  0  1  0  0/0     9:03   2:00   0:00 

Players Stats for Rafales

Player Name              G  A  P  +/- PIM S  H  SB GA TA FO     MP     PP MP  PK MP  
------------------------------------------------------------------------------------
Ben Johnson              0  0  0   0  0   0  0  0  0  0  0/0     1:13   0:00   1:13 
Ben Thomson              1  2  3   0  0   3  1  0  1  0  0/0    12:32   0:00   0:00 
Blake Speers             0  0  0   0  0   0  0  0  0  0  0/0     0:00   0:00   0:00 
Borna Rendulic           0  0  0   0  0   2  0  0  1  0  0/0    12:32   0:00   0:00 
Brad Ross                0  0  0   0  0   0  0  0  0  0  0/0     0:44   0:00   0:44 
Brian Ferlin             0  0  0  -3  0   2  1  0  2  0  0/0    22:50   4:02   2:29 
Cade Fairchild           0  1  1   0  0   1  2  1  0  1  0/0    24:35   5:12   2:56 
Connor Murphy            1  3  4   1  0   3  2  1  1  1  0/0    26:21   5:12   2:57 
David Broll              0  0  0   0  0   0  0  0  0  0  0/0     0:00   0:00   0:00 
Dylan McIlrath           0  0  0   0  0   1  2  1  0  1  0/0    22:21   2:47   1:36 
Gabriel Carlsson         0  0  0   0  0   0  0  1  0  1  0/0     8:10   2:47   0:01 
Garret Ross              3  0  3   2  2   3  3  0  1  0  1/1    17:59   3:57   0:42 
James Livingstone        0  1  1   2  2   1  1  2  1  0  0/1    16:51   3:57   0:00 
James Sheppard           0  0  0  -3  2   4  0  0  1  0  1/1    20:39   4:02   0:45 
Jayson Megna             0  0  0   2  0   2  4  0  0  1  5/11   16:52   3:57   0:00 
Joe Labate               0  1  1   0  0   0  0  0  0  0  0/4    12:32   0:00   0:00 
Joey Laleggia            0  1  1   0  0   0  1  1  0  1  0/0    12:37   0:00   0:00 
Julian Melchiori         0  0  0  -1  0   1  1  0  0  1  0/0    13:19   0:00   1:36 
Pavel Kraskovsky         0  0  0   0  0   0  0  0  0  0  0/0     2:01   0:00   0:00 
Ryan Bourque             0  1  1   1  0   1  1  0  0  1  2/5     6:26   0:00   0:44 
Slater Koekkoek          0  0  0   0  0   0  0  0  0  1  0/0    12:37   0:00   0:00 
Tyrell Goulbourne        0  0  0   1  0   0  0  0  0  0  0/0     5:42   0:00   0:00 
Zac Dalpe                1  1  2  -2  0   3  3  0  1  1  21/38  26:31   4:02   2:29 

3 Stars

1 - Garret Ross (Stf)
2 - Connor Murphy (Stf)
3 - Dylan Sikura (Gat)

Power Play

Sasquatch - 1 on 3 Attempt(s) - 33.33%
Rafales - 2 on 5 Attempt(s) - 40.00%

Penalty Kill

Sasquatch - 3 on 5 Attempt(s) - 60.00% - Score 0 goal in Penalty Kill
Rafales - 2 on 3 Attempt(s) - 66.67% - Score 0 goal in Penalty Kill

Team Stat

Sasquatch - Hits : 21 - Faceoff Wins : 31 - Blocked Shots : 8 - Penalty Minutes : 10
Rafales - Hits : 22 - Faceoff Wins : 30 - Blocked Shots : 7 - Penalty Minutes : 6

Official

Referees : Unknown
Linesman : Unknown

Game Notes

Garret Ross has scored a Hat Trick!

Finance

Level 1 -- Attendance: 1472 (73.60%) -- Ticket Income $58,880
Level 2 -- Attendance: 697 (69.70%) -- Ticket Income $13,940
Total Attendance: 2169 (72.30%)
Total Ticket Income: $72,820
Other Income: $3,641
Total Income: $76,461

Sasquatch

5 vs 5 Forward 
   Center                   Left Wing                Right Wing               Time % Phy DF OF 
 1 Devin Shore              Jujhar Khaira            Timo Meier               40     1   2  2  
 2 T.J. Tynan               Roope Hintz              Petr Straka              30     1   2  2  
 3 Jack Roslovic            Jacob De La Rose         Sam Reinhart             20     1   2  2  
 4 Christoffer Ehn          Valentin Zykov           Dylan Sikura             10     1   2  2  

5 vs 5 Defense 
   Defense                  Defense                                           Time % Phy DF OF 
 1 Patrick Wey              Brandon Montour                                   40     1   2  2  
 2 Martin Marincin          Tony DeAngelo                                     30     1   2  2  
 3 Roland McKeown           Ethan Bear                                        20     1   2  2  
 4 Patrick Wey              Martin Marincin                                   10     1   2  2  

PowerPlay Forward 
   Center                   Left Wing                Right Wing               Time % Phy DF OF 
 1 Devin Shore              Jujhar Khaira            Timo Meier               60     1   2  2  
 2 T.J. Tynan               Valentin Zykov           Petr Straka              40     1   2  2  

PowerPlay Defense
   Defense                  Defense                                           Time % Phy DF OF 
 1 Brandon Montour          Tony DeAngelo                                     60     1   2  2  
 2 Patrick Wey              Ethan Bear                                        40     1   2  2  

Penalty Kill 4 Players Forward 
   Center                   Wing                     Time % Phy DF OF 
 1 Christoffer Ehn          Jacob De La Rose         60     1   2  2  
 2 T.J. Tynan               Roope Hintz              40     1   2  2  

Penalty Kill 4 Players Defense
   Defense                  Defense                  Time % Phy DF OF 
 1 Martin Marincin          Brandon Montour          60     1   2  2  
 2 Tony DeAngelo            Roland McKeown           40     1   2  2  

Penalty Kill - 3 Players Forward 
   Forward                                           Time % Phy DF OF 
 1 Christoffer Ehn                                   60     1   2  2  
 2 Jacob De La Rose                                  40     1   2  2  

Penalty Kill - 3 Players Defense
   Defense                  Defense                  Time % Phy DF OF 
 1 Roland McKeown           Martin Marincin          60     1   2  2  
 2 Brandon Montour          Tony DeAngelo            40     1   2  2  

4 vs 4 Forward 
   Center                   Wing                     Time % Phy DF OF 
 1 Devin Shore              Jujhar Khaira            60     1   2  2  
 2 T.J. Tynan               Petr Straka              40     1   2  2  

4 vs 4 Defense
   Defense                  Defense                  Time % Phy DF OF 
 1 Patrick Wey              Martin Marincin          60     1   2  2  
 2 Brandon Montour          Tony DeAngelo            40     1   2  2  

Last Minutes Offensive
   Center                   Left Wing                Right Wing               Defense                  Defense                  
   Devin Shore              Jujhar Khaira            Timo Meier               Patrick Wey              Tony DeAngelo            

Last Minutes Defensive
   Center                   Left Wing                Right Wing               Defense                  Defense                  
   Christoffer Ehn          Jacob De La Rose         Dylan Sikura             Brandon Montour          Martin Marincin          

Goaltenders
Starting : Joonas Korpisalo         
Backup : Anders Nilsson           

Extra Forwards
Normal : T.J. Tynan, Valentin Zykov, Sam Reinhart - PP : T.J. Tynan, Valentin Zykov - PK : Sam Reinhart
Extra Defensemen
Normal : Roland McKeown, Ethan Bear, Brandon Montour - PP : Roland McKeown - PK : Ethan Bear, Brandon Montour
Penalty Shots
Jack Roslovic, Devin Shore, Petr Straka, T.J. Tynan, Roope Hintz

Scratches
Colin White (Healthy), Collin Miller (Healthy), Scott Wilson (Healthy), Adam Clendening (Healthy), Nikita Nesterov (Healthy)
Hudson Fasching (Healthy), Eamon McAdam (Healthy)

Rafales

5 vs 5 Forward 
   Center                   Left Wing                Right Wing               Time % Phy DF OF 
 1 Zac Dalpe                James Sheppard           Brian Ferlin             40     1   2  2  
 2 Jayson Megna             Garret Ross              James Livingstone        30     1   2  2  
 3 Joe Labate               Ben Thomson              Borna Rendulic           20     1   2  2  
 4 Ryan Bourque             Tyrell Goulbourne        Zac Dalpe                10     1   2  2  

5 vs 5 Defense 
   Defense                  Defense                                           Time % Phy DF OF 
 1 Connor Murphy            Dylan McIlrath                                    38     1   2  2  
 2 Julian Melchiori         Cade Fairchild                                    28     1   2  2  
 3 Joey Laleggia            Slater Koekkoek                                   19     1   2  2  
 4 Gabriel Carlsson         Cade Fairchild                                    15     1   2  2  

PowerPlay Forward 
   Center                   Left Wing                Right Wing               Time % Phy DF OF 
 1 Zac Dalpe                James Sheppard           Brian Ferlin             60     1   2  2  
 2 Jayson Megna             Garret Ross              James Livingstone        40     1   2  2  

PowerPlay Defense
   Defense                  Defense                                           Time % Phy DF OF 
 1 Connor Murphy            Cade Fairchild                                    60     1   2  2  
 2 Dylan McIlrath           Gabriel Carlsson                                  40     1   2  2  

Penalty Kill 4 Players Forward 
   Center                   Wing                     Time % Phy DF OF 
 1 Zac Dalpe                Brian Ferlin             60     1   2  2  
 2 James Sheppard           Garret Ross              40     1   2  2  

Penalty Kill 4 Players Defense
   Defense                  Defense                  Time % Phy DF OF 
 1 Connor Murphy            Cade Fairchild           60     1   2  2  
 2 Dylan McIlrath           Julian Melchiori         40     1   2  2  

Penalty Kill - 3 Players Forward 
   Forward                                           Time % Phy DF OF 
 1 Zac Dalpe                                         60     1   2  2  
 2 Brian Ferlin                                      40     1   2  2  

Penalty Kill - 3 Players Defense
   Defense                  Defense                  Time % Phy DF OF 
 1 Connor Murphy            Cade Fairchild           60     1   2  2  
 2 Dylan McIlrath           Julian Melchiori         40     1   2  2  

4 vs 4 Forward 
   Center                   Wing                     Time % Phy DF OF 
 1 Zac Dalpe                Brian Ferlin             60     1   2  2  
 2 James Sheppard           Garret Ross              40     1   2  2  

4 vs 4 Defense
   Defense                  Defense                  Time % Phy DF OF 
 1 Connor Murphy            Cade Fairchild           60     1   2  2  
 2 Dylan McIlrath           Gabriel Carlsson         40     1   2  2  

Last Minutes Offensive
   Center                   Left Wing                Right Wing               Defense                  Defense                  
   Zac Dalpe                James Sheppard           Brian Ferlin             Connor Murphy            Dylan McIlrath           

Last Minutes Defensive
   Center                   Left Wing                Right Wing               Defense                  Defense                  
   Zac Dalpe                James Sheppard           Brian Ferlin             Connor Murphy            Dylan McIlrath           

Goaltenders
Starting : Sean Maguire             
Backup : Leland Irving            

Extra Forwards
Normal : Pavel Kraskovsky, Brad Ross, Ben Johnson - PP : Pavel Kraskovsky, Brad Ross - PK : Ben Johnson
Extra Defensemen
Normal : Connor Murphy, Dylan McIlrath, Julian Melchiori - PP : Dylan McIlrath - PK : Connor Murphy, Dylan McIlrath
Penalty Shots
Zac Dalpe, Brian Ferlin, James Sheppard, Garret Ross, James Livingstone

Scratches
Andrew Shaw (Dislocated Patella Injury), Alexander Yelesin (Healthy), Chris Driedger (Healthy)

% Time on Ice - Sasquatch

Lines # - Real PCT - Wanted PCT - Time Play
Normal Forward
1 - 40% - 40% - 18:31
2 - 26% - 30% - 12:06
3 - 19% - 20% - 8:54
4 - 15% - 10% - 6:54
Normal Defense
1 - 40% - 40% - 18:47
2 - 29% - 30% - 13:15
3 - 26% - 20% - 12:08
4 - 5% - 10% - 2:15
PP Forward
1 - 56% - 60% - 2:33
2 - 44% - 40% - 2:00
PP Defense
1 - 65% - 60% - 2:58
2 - 35% - 40% - 1:35
PK Forward
1 - 73% - 60% - 5:50
2 - 27% - 40% - 2:09
PK Defense
1 - 58% - 60% - 4:36
2 - 42% - 40% - 3:23
PK3 Forward
1 - 0% - 60%
2 - 0% - 40%
PK3 Defense
1 - 0% - 60%
2 - 0% - 40%
44 Forward
1 - 0% - 60%
2 - 0% - 40%
44 Defense
1 - 0% - 60%
2 - 0% - 40%
Last Minute Offensive  - 1:03
Last Minute Defensive  - 0:00
Total
Forward - 60:00
Defense - 60:00

% Time on Ice - Rafales

Lines # - Real PCT - Wanted PCT - Time Play
Normal Forward
1 - 33% - 40% - 15:10
2 - 28% - 30% - 12:55
3 - 27% - 20% - 12:32
4 - 12% - 10% - 5:42
Normal Defense
1 - 38% - 38% - 17:26
2 - 26% - 28% - 11:54
3 - 27% - 19% - 12:37
4 - 9% - 15% - 4:22
PP Forward
1 - 51% - 60% - 4:02
2 - 49% - 40% - 3:57
PP Defense
1 - 65% - 60% - 5:12
2 - 35% - 40% - 2:47
PK Forward
1 - 71% - 60% - 3:13
2 - 29% - 40% - 1:20
PK Defense
1 - 65% - 60% - 2:57
2 - 35% - 40% - 1:36
PK3 Forward
1 - 0% - 60%
2 - 0% - 40%
PK3 Defense
1 - 0% - 60%
2 - 0% - 40%
44 Forward
1 - 0% - 60%
2 - 0% - 40%
44 Defense
1 - 0% - 60%
2 - 0% - 40%
Last Minute Offensive  - 0:00
Last Minute Defensive  - 1:09
Total
Forward - 60:00
Defense - 60:00

Play-by-Play

1st period


0:01 of 1st period - Zac Dalpe wins face-off versus Jujhar Khaira in neutral zone.
0:53 of 1st period - Wrist shot by Borna Rendulic.
0:53 of 1st period - Shot Hit the Post.
0:55 of 1st period - Wrist shot by Connor Murphy.
0:55 of 1st period - Stopped by Joonas Korpisalo with a rebound.
1:47 of 1st period - Zac Dalpe is hit by Petr Straka and loses puck.
2:01 of 1st period - Icing by Slater Koekkoek.
2:02 of 1st period - Christoffer Ehn wins face-off versus Zac Dalpe in Rafales zone.
3:36 of 1st period - Icing by Ryan Bourque.
3:37 of 1st period - Christoffer Ehn wins face-off versus Ryan Bourque in Rafales zone.
4:02 of 1st period - Backhand shot by Connor Murphy.
4:02 of 1st period - Stopped by Joonas Korpisalo without a rebound.
4:03 of 1st period - Devin Shore wins face-off versus Zac Dalpe in Sasquatch zone.
4:31 of 1st period - Minor Penalty to Sam Reinhart for Tripping.
4:32 of 1st period - Christoffer Ehn wins face-off versus Zac Dalpe in Sasquatch zone.
4:39 of 1st period - Snap shot by Brandon Montour.
4:39 of 1st period - Stopped by Sean Maguire without a rebound.
4:40 of 1st period - Christoffer Ehn wins face-off versus Zac Dalpe in Rafales zone.
4:41 of 1st period - Backhand shot by Brandon Montour.
4:41 of 1st period - Stopped by Sean Maguire with a rebound.
5:29 of 1st period - Tony DeAngelo is hit by Connor Murphy and loses puck.
5:58 of 1st period - Slapshot by Garret Ross.
5:58 of 1st period - Goal by Garret Ross - Sasquatch : 0 - Rafales : 1.
5:59 of 1st period - Zac Dalpe wins face-off versus Devin Shore in neutral zone.
6:06 of 1st period - Brian Ferlin is hit by Patrick Wey and loses puck.
6:11 of 1st period - Snap shot by Devin Shore.
6:11 of 1st period - Shot Misses the Net.
6:13 of 1st period - Wrist shot by Devin Shore.
6:13 of 1st period - Goal by Devin Shore - Sasquatch : 1 - Rafales : 1.
6:14 of 1st period - Timo Meier wins face-off versus Jayson Megna in neutral zone.
6:19 of 1st period - Wrist shot by Jujhar Khaira.
6:19 of 1st period - Stopped by Sean Maguire with a rebound.
7:02 of 1st period - Wrist shot by Sam Reinhart.
7:02 of 1st period - Shot Blocked by Dylan McIlrath.
7:44 of 1st period - Slapshot by T.J. Tynan.
7:44 of 1st period - Stopped by Sean Maguire with a rebound.
7:46 of 1st period - Snap shot by Petr Straka.
7:46 of 1st period - Stopped by Sean Maguire with a rebound.
8:40 of 1st period - Snap shot by Ben Thomson.
8:40 of 1st period - Stopped by Joonas Korpisalo without a rebound.
8:41 of 1st period - T.J. Tynan wins face-off versus Zac Dalpe in Sasquatch zone.
8:54 of 1st period - Snap shot by Brian Ferlin.
8:54 of 1st period - Shot Misses the Net.
9:06 of 1st period - Timo Meier is hit by Ben Thomson and loses puck.
9:38 of 1st period - Slater Koekkoek is hit by Jacob De La Rose and loses puck.
9:55 of 1st period - Tony DeAngelo is hit by Brian Ferlin.
10:18 of 1st period - Icing by Petr Straka.
10:19 of 1st period - Jayson Megna wins face-off versus T.J. Tynan in Sasquatch zone.
10:47 of 1st period - Snap shot by Petr Straka.
10:47 of 1st period - Deflect By Devin Shore.
10:47 of 1st period - Stopped by Sean Maguire without a rebound.
10:48 of 1st period - Devin Shore wins face-off versus Zac Dalpe in Rafales zone.
10:55 of 1st period - Snap shot by Jujhar Khaira.
10:55 of 1st period - Deflect By Devin Shore.
10:55 of 1st period - Shot Blocked by Cade Fairchild.
10:55 of 1st period - Puck is out of play.
10:56 of 1st period - Devin Shore wins face-off versus Zac Dalpe in Rafales zone.
11:01 of 1st period - Backhand shot by Jujhar Khaira.
11:01 of 1st period - Stopped by Sean Maguire without a rebound.
11:02 of 1st period - Zac Dalpe wins face-off versus Devin Shore in Rafales zone.
11:27 of 1st period - Zac Dalpe is hit by Patrick Wey.
11:33 of 1st period - Wrist shot by James Sheppard.
11:33 of 1st period - Stopped by Joonas Korpisalo with a rebound.
11:37 of 1st period - Snap shot by Brian Ferlin.
11:37 of 1st period - Stopped by Joonas Korpisalo without a rebound.
11:38 of 1st period - Garret Ross wins face-off versus Devin Shore in Sasquatch zone.
12:41 of 1st period - Wrist shot by Valentin Zykov.
12:41 of 1st period - Shot Blocked by Joey Laleggia.
12:43 of 1st period - Wrist shot by Christoffer Ehn.
12:43 of 1st period - Shot Misses the Net.
12:51 of 1st period - Snap shot by Dylan Sikura.
12:51 of 1st period - Shot Misses the Net.
13:24 of 1st period - Wrist shot by T.J. Tynan.
13:24 of 1st period - Stopped by Sean Maguire with a rebound.
13:26 of 1st period - Snap shot by Roope Hintz.
13:26 of 1st period - Stopped by Sean Maguire without a rebound.
13:27 of 1st period - Zac Dalpe wins face-off versus Devin Shore in Rafales zone.
13:29 of 1st period - Minor Penalty to James Sheppard for Cross-checking.
13:30 of 1st period - Devin Shore wins face-off versus Zac Dalpe in Rafales zone.
13:32 of 1st period - Snap shot by Jujhar Khaira.
13:32 of 1st period - Deflect By Devin Shore.
13:32 of 1st period - Shot Hit the Post.
13:32 of 1st period - Puck is out of play.
13:33 of 1st period - Zac Dalpe wins face-off versus Devin Shore in Rafales zone.
13:42 of 1st period - Slapshot by Timo Meier.
13:42 of 1st period - Stopped by Sean Maguire without a rebound.
13:43 of 1st period - Zac Dalpe wins face-off versus Devin Shore in Rafales zone.
13:58 of 1st period - Wrist shot by Devin Shore.
13:58 of 1st period - Deflect By Timo Meier.
13:58 of 1st period - Stopped by Sean Maguire with a rebound.
15:05 of 1st period - Julian Melchiori is hit by Petr Straka and loses puck.
15:29 of 1st period - Penalty to James Sheppard is over, James Sheppard is back on ice.
15:43 of 1st period - Wrist shot by Garret Ross.
15:43 of 1st period - Goal by Garret Ross - Sasquatch : 1 - Rafales : 2.
15:44 of 1st period - Zac Dalpe wins face-off versus Petr Straka in neutral zone.
15:54 of 1st period - Snap shot by Zac Dalpe.
15:54 of 1st period - Shot Misses the Net.
15:56 of 1st period - Wrist shot by Zac Dalpe.
15:56 of 1st period - Shot Misses the Net.
15:58 of 1st period - Slapshot by Joey Laleggia.
15:58 of 1st period - Shot Misses the Net.
16:00 of 1st period - Snap shot by Brian Ferlin.
16:00 of 1st period - Stopped by Joonas Korpisalo without a rebound.
16:01 of 1st period - Jayson Megna wins face-off versus Devin Shore in Sasquatch zone.
16:02 of 1st period - Slapshot by James Livingstone.
16:02 of 1st period - Shot Misses the Net.
16:06 of 1st period - Snap shot by Jayson Megna.
16:06 of 1st period - Stopped by Joonas Korpisalo without a rebound.
16:07 of 1st period - Devin Shore wins face-off versus Jayson Megna in Sasquatch zone.
16:29 of 1st period - Minor Penalty to Tony DeAngelo for Hooking.
16:30 of 1st period - Zac Dalpe wins face-off versus Christoffer Ehn in Sasquatch zone.
16:57 of 1st period - Brandon Montour is hit by Garret Ross and loses puck.
18:29 of 1st period - Penalty to Tony DeAngelo is over, Tony DeAngelo is back on ice.
19:17 of 1st period - Borna Rendulic is hit by Petr Straka and loses puck.
Goals for this period are 1 for Sasquatch vs 2 for Rafales.
Shots for this period are 12 for Sasquatch vs 9 for Rafales.

2nd period


0:01 of 2nd period - Devin Shore wins face-off versus Zac Dalpe in neutral zone.
0:06 of 2nd period - Snap shot by Jujhar Khaira.
0:06 of 2nd period - Deflect By Devin Shore.
0:06 of 2nd period - Shot Misses the Net.
0:06 of 2nd period - Puck is out of play.
0:07 of 2nd period - Devin Shore wins face-off versus Zac Dalpe in Rafales zone.
0:10 of 2nd period - Snap shot by Jujhar Khaira.
0:10 of 2nd period - Shot Misses the Net.
0:12 of 2nd period - Slapshot by Patrick Wey.
0:12 of 2nd period - Stopped by Sean Maguire with a rebound.
0:14 of 2nd period - Wrist shot by Brandon Montour.
0:14 of 2nd period - Goal by Brandon Montour - Sasquatch : 2 - Rafales : 2.
0:15 of 2nd period - Zac Dalpe wins face-off versus Devin Shore in neutral zone.
0:28 of 2nd period - Wrist shot by James Sheppard.
0:28 of 2nd period - Shot Blocked by Timo Meier.
0:30 of 2nd period - Slapshot by Dylan McIlrath.
0:30 of 2nd period - Deflect By James Sheppard.
0:30 of 2nd period - Stopped by Joonas Korpisalo with a rebound.
0:36 of 2nd period - Minor Penalty to Timo Meier for Roughing.
0:37 of 2nd period - Zac Dalpe wins face-off versus Christoffer Ehn in Sasquatch zone.
0:44 of 2nd period - Snap shot by Zac Dalpe.
0:44 of 2nd period - Stopped by Joonas Korpisalo without a rebound.
0:45 of 2nd period - Zac Dalpe wins face-off versus Christoffer Ehn in Sasquatch zone.
0:46 of 2nd period - Wrist shot by Brian Ferlin.
0:46 of 2nd period - Shot Misses the Net.
1:11 of 2nd period - Slapshot by Connor Murphy.
1:11 of 2nd period - Goal by Connor Murphy - Sasquatch : 2 - Rafales : 3.
1:12 of 2nd period - Zac Dalpe wins face-off versus Devin Shore in neutral zone.
2:15 of 2nd period - Icing by Jack Roslovic.
2:16 of 2nd period - Christoffer Ehn wins face-off versus Ryan Bourque in Sasquatch zone.
2:31 of 2nd period - Wrist shot by Valentin Zykov.
2:31 of 2nd period - Shot Misses the Net.
3:01 of 2nd period - Borna Rendulic is hit by Roope Hintz and loses puck.
3:26 of 2nd period - Joey Laleggia is hit by Jack Roslovic and loses puck.
3:39 of 2nd period - Dylan McIlrath is hit by Christoffer Ehn and loses puck.
3:46 of 2nd period - Roland McKeown is hit by Garret Ross and loses puck.
4:36 of 2nd period - Petr Straka is hit by Zac Dalpe and loses puck.
4:52 of 2nd period - Wrist shot by Martin Marincin.
4:52 of 2nd period - Deflect By T.J. Tynan.
4:52 of 2nd period - Stopped by Sean Maguire without a rebound.
4:53 of 2nd period - Devin Shore wins face-off versus Joe Labate in Rafales zone.
5:18 of 2nd period - Snap shot by Valentin Zykov.
5:18 of 2nd period - Deflect By Dylan Sikura.
5:18 of 2nd period - Shot Misses the Net.
5:18 of 2nd period - Puck is out of play.
5:19 of 2nd period - Christoffer Ehn wins face-off versus Jayson Megna in Rafales zone.
5:22 of 2nd period - Wrist shot by Dylan Sikura.
5:22 of 2nd period - Shot Misses the Net.
5:24 of 2nd period - Slapshot by Patrick Wey.
5:24 of 2nd period - Shot Misses the Net.
5:26 of 2nd period - Wrist shot by Valentin Zykov.
5:26 of 2nd period - Shot Blocked by Gabriel Carlsson.
5:28 of 2nd period - Wrist shot by Brandon Montour.
5:28 of 2nd period - Stopped by Sean Maguire with a rebound.
5:30 of 2nd period - Slapshot by Patrick Wey.
5:30 of 2nd period - Shot Blocked by James Livingstone.
5:32 of 2nd period - Snap shot by Christoffer Ehn.
5:32 of 2nd period - Shot Misses the Net.
5:34 of 2nd period - Slapshot by Brandon Montour.
5:34 of 2nd period - Shot Blocked by James Livingstone.
6:11 of 2nd period - Wrist shot by Ben Thomson.
6:11 of 2nd period - Shot Misses the Net.
6:13 of 2nd period - Snap shot by Borna Rendulic.
6:13 of 2nd period - Stopped by Joonas Korpisalo without a rebound.
6:14 of 2nd period - T.J. Tynan wins face-off versus Joe Labate in Sasquatch zone.
7:36 of 2nd period - Snap shot by T.J. Tynan.
7:36 of 2nd period - Deflect By Petr Straka.
7:36 of 2nd period - Stopped by Sean Maguire with a rebound.
8:18 of 2nd period - Wrist shot by Timo Meier.
8:18 of 2nd period - Stopped by Sean Maguire without a rebound.
8:19 of 2nd period - Devin Shore wins face-off versus James Livingstone in Rafales zone.
8:26 of 2nd period - Snap shot by Jujhar Khaira.
8:26 of 2nd period - Stopped by Sean Maguire without a rebound.
8:27 of 2nd period - Devin Shore wins face-off versus Jayson Megna in Rafales zone.
8:45 of 2nd period - Minor Penalty to Garret Ross for Roughing.
8:46 of 2nd period - Devin Shore wins face-off versus Zac Dalpe in Rafales zone.
10:45 of 2nd period - Penalty to Garret Ross is over, Garret Ross is back on ice.
10:49 of 2nd period - Zac Dalpe is hit by Jack Roslovic and loses puck.
11:37 of 2nd period - Brandon Montour is hit by Julian Melchiori and loses puck.
11:52 of 2nd period - Sam Reinhart is hit by Cade Fairchild and loses puck.
13:00 of 2nd period - Dylan McIlrath is hit by Tony DeAngelo and loses puck.
13:26 of 2nd period - Snap shot by Valentin Zykov.
13:26 of 2nd period - Stopped by Sean Maguire with a rebound.
13:28 of 2nd period - Snap shot by Dylan Sikura.
13:28 of 2nd period - Goal by Dylan Sikura - Sasquatch : 3 - Rafales : 3.
13:29 of 2nd period - Devin Shore wins face-off versus Zac Dalpe in neutral zone.
14:05 of 2nd period - Minor Penalty to James Livingstone for Interference.
14:06 of 2nd period - Zac Dalpe wins face-off versus Devin Shore in Rafales zone.
14:38 of 2nd period - Slapshot by Tony DeAngelo.
14:38 of 2nd period - Shot Blocked by Connor Murphy.
14:40 of 2nd period - Wrist shot by Petr Straka.
14:40 of 2nd period - Goal by Petr Straka - Sasquatch : 4 - Rafales : 3.
14:41 of 2nd period - Devin Shore wins face-off versus Zac Dalpe in neutral zone.
14:53 of 2nd period - Icing by Connor Murphy.
14:54 of 2nd period - Zac Dalpe wins face-off versus Jujhar Khaira in Rafales zone.
15:27 of 2nd period - Wrist shot by Garret Ross.
15:27 of 2nd period - Goal by Garret Ross - Sasquatch : 4 - Rafales : 4.
15:28 of 2nd period - Devin Shore wins face-off versus Zac Dalpe in neutral zone.
15:39 of 2nd period - Snap shot by Jujhar Khaira.
15:39 of 2nd period - Stopped by Sean Maguire with a rebound.
15:41 of 2nd period - Slapshot by Patrick Wey.
15:41 of 2nd period - Stopped by Sean Maguire with a rebound.
15:43 of 2nd period - Wrist shot by Jujhar Khaira.
15:43 of 2nd period - Stopped by Sean Maguire with a rebound.
15:53 of 2nd period - Petr Straka is hit by Jayson Megna and loses puck.
16:00 of 2nd period - Julian Melchiori is hit by Petr Straka and loses puck.
16:23 of 2nd period - Slapshot by Ethan Bear.
16:23 of 2nd period - Shot Misses the Net.
16:25 of 2nd period - Slapshot by Christoffer Ehn.
16:25 of 2nd period - Stopped by Sean Maguire without a rebound.
16:26 of 2nd period - Zac Dalpe wins face-off versus Devin Shore in Rafales zone.
16:41 of 2nd period - Wrist shot by Dylan McIlrath.
16:41 of 2nd period - Shot Blocked by Jujhar Khaira.
17:17 of 2nd period - Joey Laleggia is hit by Jack Roslovic and loses puck.
17:25 of 2nd period - Minor Penalty to Sam Reinhart for Goalie Interference.
17:26 of 2nd period - Christoffer Ehn wins face-off versus Zac Dalpe in Sasquatch zone.
17:41 of 2nd period - Snap shot by Zac Dalpe.
17:41 of 2nd period - Shot Blocked by Brandon Montour.
18:19 of 2nd period - Roland McKeown is hit by Zac Dalpe and loses puck.
18:45 of 2nd period - Icing by James Livingstone.
18:46 of 2nd period - Jayson Megna wins face-off versus Christoffer Ehn in Rafales zone.
19:25 of 2nd period - Penalty to Sam Reinhart is over, Sam Reinhart is back on ice.
19:27 of 2nd period - Devin Shore is hit by Dylan McIlrath and loses puck.
19:45 of 2nd period - Off-side.
19:46 of 2nd period - T.J. Tynan wins face-off versus Joe Labate in neutral zone.
Goals for this period are 3 for Sasquatch vs 2 for Rafales.
Shots for this period are 14 for Sasquatch vs 5 for Rafales.

3rd period


0:01 of 3rd period - Devin Shore wins face-off versus Zac Dalpe in neutral zone.
0:06 of 3rd period - Snap shot by Jujhar Khaira.
0:06 of 3rd period - Stopped by Sean Maguire with a rebound.
0:08 of 3rd period - Wrist shot by Devin Shore.
0:08 of 3rd period - Stopped by Sean Maguire without a rebound.
0:09 of 3rd period - Zac Dalpe wins face-off versus Devin Shore in Rafales zone.
0:55 of 3rd period - Snap shot by Zac Dalpe.
0:55 of 3rd period - Shot Misses the Net.
1:01 of 3rd period - Zac Dalpe is hit by Devin Shore.
1:16 of 3rd period - Icing by Patrick Wey.
1:17 of 3rd period - Devin Shore wins face-off versus Jayson Megna in Sasquatch zone.
1:17 of 3rd period - Devin Shore is hit by Jayson Megna.
1:27 of 3rd period - Wrist shot by Devin Shore.
1:27 of 3rd period - Stopped by Sean Maguire with a rebound.
1:47 of 3rd period - Slapshot by Roope Hintz.
1:47 of 3rd period - Deflect By Borna Rendulic.
1:47 of 3rd period - Stopped by Sean Maguire with a rebound.
1:55 of 3rd period - Icing by Roope Hintz.
1:56 of 3rd period - T.J. Tynan wins face-off versus Jayson Megna in Sasquatch zone.
2:03 of 3rd period - Garret Ross is hit by Patrick Wey and loses puck.
2:47 of 3rd period - Zac Dalpe is hit by Tony DeAngelo and loses puck.
2:54 of 3rd period - Snap shot by Dylan Sikura.
2:54 of 3rd period - Goal by Dylan Sikura - Sasquatch : 5 - Rafales : 4.
2:55 of 3rd period - Zac Dalpe wins face-off versus T.J. Tynan in neutral zone.
2:58 of 3rd period - Snap shot by Brian Ferlin.
2:58 of 3rd period - Shot Misses the Net.
3:22 of 3rd period - James Livingstone is hit by Devin Shore and loses puck.
3:33 of 3rd period - Garret Ross is hit by Jujhar Khaira and loses puck.
3:52 of 3rd period - Wrist shot by Zac Dalpe.
3:52 of 3rd period - Goal by Zac Dalpe - Sasquatch : 5 - Rafales : 5.
3:53 of 3rd period - T.J. Tynan wins face-off versus Zac Dalpe in neutral zone.
4:22 of 3rd period - Timo Meier is hit by Jayson Megna and loses puck.
4:49 of 3rd period - Brandon Montour is hit by Cade Fairchild and loses puck.
5:00 of 3rd period - Patrick Wey is hit by Zac Dalpe.
5:04 of 3rd period - Patrick Wey is hit by Joey Laleggia and loses puck.
5:15 of 3rd period - Sam Reinhart is hit by Ryan Bourque and loses puck.
5:19 of 3rd period - Icing by Sam Reinhart.
5:20 of 3rd period - Ryan Bourque wins face-off versus Jack Roslovic in Sasquatch zone.
5:25 of 3rd period - Backhand shot by Ryan Bourque.
5:25 of 3rd period - Shot Blocked by Jack Roslovic.
5:27 of 3rd period - Slapshot by Cade Fairchild.
5:27 of 3rd period - Deflect By Ryan Bourque.
5:27 of 3rd period - Stopped by Joonas Korpisalo with a rebound.
5:29 of 3rd period - Wrist shot by Tyrell Goulbourne.
5:29 of 3rd period - Shot Misses the Net.
5:31 of 3rd period - Slapshot by Julian Melchiori.
5:31 of 3rd period - Shot Blocked by Jack Roslovic.
5:45 of 3rd period - Snap shot by Ben Thomson.
5:45 of 3rd period - Stopped by Joonas Korpisalo with a rebound.
5:47 of 3rd period - Slapshot by Dylan McIlrath.
5:47 of 3rd period - Stopped by Joonas Korpisalo without a rebound.
5:48 of 3rd period - Jujhar Khaira wins face-off versus Joe Labate in Sasquatch zone.
6:06 of 3rd period - Wrist shot by Borna Rendulic.
6:06 of 3rd period - Shot Blocked by Timo Meier.
6:18 of 3rd period - Snap shot by Timo Meier.
6:18 of 3rd period - Stopped by Sean Maguire without a rebound.
6:19 of 3rd period - Zac Dalpe wins face-off versus T.J. Tynan in Rafales zone.
6:44 of 3rd period - Roope Hintz is hit by Garret Ross and loses puck.
8:24 of 3rd period - Minor Penalty to Timo Meier for Hooking.
8:25 of 3rd period - Jayson Megna wins face-off versus Christoffer Ehn in Sasquatch zone.
8:29 of 3rd period - Wrist shot by Garret Ross.
8:29 of 3rd period - Shot Misses the Net.
8:33 of 3rd period - Wrist shot by Jayson Megna.
8:33 of 3rd period - Stopped by Joonas Korpisalo without a rebound.
8:34 of 3rd period - Jayson Megna wins face-off versus Christoffer Ehn in Sasquatch zone.
8:35 of 3rd period - Wrist shot by James Livingstone.
8:35 of 3rd period - Stopped by Joonas Korpisalo without a rebound.
8:36 of 3rd period - James Sheppard wins face-off versus Christoffer Ehn in Sasquatch zone.
8:37 of 3rd period - Snap shot by Zac Dalpe.
8:37 of 3rd period - Stopped by Joonas Korpisalo with a rebound.
8:39 of 3rd period - Wrist shot by James Sheppard.
8:39 of 3rd period - Stopped by Joonas Korpisalo without a rebound.
8:40 of 3rd period - Zac Dalpe wins face-off versus Christoffer Ehn in Sasquatch zone.
9:51 of 3rd period - Zac Dalpe is hit by Roope Hintz and loses puck.
10:18 of 3rd period - Martin Marincin is hit by Jayson Megna and loses puck.
10:24 of 3rd period - Penalty to Timo Meier is over, Timo Meier is back on ice.
10:29 of 3rd period - Timo Meier is hit by Connor Murphy and loses puck.
10:34 of 3rd period - Snap shot by Borna Rendulic.
10:34 of 3rd period - Stopped by Joonas Korpisalo with a rebound.
11:45 of 3rd period - Connor Murphy is hit by Ethan Bear and loses puck.
12:39 of 3rd period - Off-side.
12:40 of 3rd period - Ryan Bourque wins face-off versus Jack Roslovic in neutral zone.
12:47 of 3rd period - Wrist shot by Ryan Bourque.
12:47 of 3rd period - Shot Misses the Net.
15:52 of 3rd period - Slapshot by Cade Fairchild.
15:52 of 3rd period - Shot Misses the Net.
15:54 of 3rd period - Snap shot by Borna Rendulic.
15:54 of 3rd period - Shot Blocked by Patrick Wey.
15:56 of 3rd period - Slapshot by Julian Melchiori.
15:56 of 3rd period - Stopped by Joonas Korpisalo with a rebound.
15:58 of 3rd period - Slapshot by Cade Fairchild.
15:58 of 3rd period - Stopped by Joonas Korpisalo without a rebound.
15:59 of 3rd period - Zac Dalpe wins face-off versus T.J. Tynan in Sasquatch zone.
16:25 of 3rd period - Patrick Wey is hit by Dylan McIlrath and loses puck.
17:39 of 3rd period - Wrist shot by Joe Labate.
17:39 of 3rd period - Shot Misses the Net.
17:41 of 3rd period - Slapshot by Ben Thomson.
17:41 of 3rd period - Goal by Ben Thomson - Sasquatch : 5 - Rafales : 6.
17:42 of 3rd period - Sam Reinhart wins face-off versus Ryan Bourque in neutral zone.
18:07 of 3rd period - Brandon Montour is hit by James Livingstone and loses puck.
18:59 of 3rd period - Snap shot by James Sheppard.
18:59 of 3rd period - Shot Misses the Net.
19:09 of 3rd period - Snap shot by Brian Ferlin.
19:09 of 3rd period - Shot Blocked by Timo Meier.
19:13 of 3rd period - Wrist shot by Zac Dalpe.
19:13 of 3rd period - Deflect By James Sheppard.
19:13 of 3rd period - Stopped by Joonas Korpisalo without a rebound.
19:14 of 3rd period - Teemu Selanne call a timeout for Sasquatch.
19:14 of 3rd period - Zac Dalpe wins face-off versus Devin Shore in Sasquatch zone.
19:55 of 3rd period - Brian Ferlin is hit by Timo Meier and loses puck.
19:58 of 3rd period - Sasquatch, Joonas Korpisalo is pulled from the net.
Goals for this period are 1 for Sasquatch vs 2 for Rafales.
Shots for this period are 6 for Sasquatch vs 13 for Rafales.